 Dungeon Crawl Stone Soup version 0.25-a0-571-gb5e01bddfa (webtiles) character file.

Game seed: 12710956680878512046, levelgen mode: classic

87232 EnegeticOcto the Severer (level 15, 63/144 HPs)
             Began as a Deep Dwarf Fighter on Feb 29, 2020.
             Was a High Priest of Makhleb.
             Quit the game on level 4 of the Snake Pit.
             The game lasted 00:11:35 (12041 turns).

EnegeticOcto the Severer (Deep Dwarf Fighter)      Turns: 12041, Time: 00:11:35

Health: 63/144     AC: 22    Str: 27    XL:     15   Next: 43%
Magic:  0/0        EV: 12    Int:  8    God:    Makhleb [*****.]
Gold:   574        SH:  0    Dex: 12    Spells: 14/14 levels left

rFire    . . .     SeeInvis .   c - +8 battleaxe (vorpal)
rCold    . . .     Gourm    .   (shield currently unavailable)
rNeg     + . .     Faith    .   D - +0 plate armour
rPois    +         Spirit   .   (no helmet)
rElec    .         Reflect  .   b - +2 cloak
rCorr    .         Harm     .   E - +0 pair of gloves (curse)
MR       ++...                  B - +1 pair of boots
Stlth    ..........             (no amulet)
HPRegen  0.00/turn              (no ring)
MPRegen  0.07/turn              C - ring of poison resistance

@: mildly poisoned (63 -> 63), non-regenerating
A: damage resistance, heal wounds, negative energy resistance 1, sense
surroundings 2, no regeneration
a: Heal Wounds, Minor Destruction, Lesser Servant of Makhleb, Major Destruction,
Greater Servant of Makhleb, Renounce Religion


You were on level 4 of the Snake Pit.
You worshipped Makhleb.
Makhleb was extremely pleased with you.
You were not hungry.

You visited 3 branches of the dungeon, and saw 23 of its levels.
You also visited: Bailey.

You collected 1065 gold pieces.
You spent 491 gold pieces at shops.

Inventory:

Hand Weapons
 c - a +8 vorpal battleaxe (weapon)
 F - a +2 dagger of distortion
Missiles
 u - 7 throwing nets (quivered)
Armour
 b - a +2 cloak (worn)
 B - a +1 pair of boots (worn)
 D - a +0 plate armour (worn)
 E - a cursed +0 pair of gloves (worn)
Jewellery
 h - an uncursed amulet of the acrobat {unknown}
 C - a ring of poison resistance (right hand)
 J - an uncursed amulet of rage {unknown}
Wands
 a - a wand of digging (4) {@v2}
 f - a wand of scattershot (6)
 t - a wand of flame (42)
 v - a wand of polymorph (18)
 K - a wand of paralysis (6)
 L - a wand of iceblast (12)
Scrolls
 g - 5 scrolls of enchant armour
 l - 3 scrolls of teleportation {@r2}
 o - 6 scrolls of remove curse {@r6}
 p - a scroll of fog
 x - a scroll of silence
 y - a scroll of fear
 H - 3 scrolls of identify {@r1}
 I - a scroll of magic mapping {@r5}
Potions
 d - 2 potions of ambrosia
 i - 2 potions of invisibility
 j - 6 potions of curing {@q1}
 k - 4 potions of might {@q3}
 m - a potion of mutation
 n - 3 potions of haste {@q4}
 q - 4 potions of heal wounds {@q2}
 r - a potion of stabbing {unknown}
 w - 4 potions of flight
 z - a potion of lignification {@q7}
 A - a potion of berserk rage
 G - a potion of brilliance {unknown}
Miscellaneous
 s - a lightning rod (4/4)
Comestibles
 e - 25 rations


   Skills:
 * Level 12.1 Fighting
 * Level 16.3 Axes
 + Level 10.5 Armour
 + Level 10.0 Dodging
   Level 9.0 Shields
 * Level 15.5 Invocations


You had 14 spell levels left.
You didn't know any spells.
Your spell library was empty.

Dungeon Overview and Level Annotations

Branches:
Dungeon (15/15)            Temple (0/1) D:6            Lair (4/6) D:11
 Shoals (0/4) Lair:3        Snake (4/4) Lair:3          Orc (0/2) D:9
 Vaults (0/5) D:13         Depths (0/5) D:15         Bailey (visited)

Altars:
Elyvilon
Fedhas
Gozag
Hepliaklqana
Kikubaaqudgha
Makhleb
Nemelex Xobeh
Okawaru
Uskayaw
Vehumet
Yredelemnul
The Shining One
Beogh

Shops:
D:8 !?   D:10 }   D:11 %

Annotations:
D:5 3 runed translucent doors, Protee's ghost, amateur TeAE; sixsigma's ghost, novice GnWz
D:9 2 transporters


Innate Abilities, Weirdness & Mutations

You are resistant to damage.
You can heal yourself by infusing magical energy.
You resist negative energy. (rN+)
You passively map the area around you.
You do not regenerate.


Message History

The guardian serpent is almost dead.
The guardian serpent hits you.
The nagaraja hits you but does no damage.
The naga sharpshooter shoots an arrow.
The arrow hits you!!
The guardian serpent coils itself and performs some mystic snake dance.
The nagaraja blinks!
The naga sharpshooter blinks!
You are too injured to fight recklessly!
You are too injured to fight recklessly!
You are too injured to fight recklessly!
You are too injured to fight recklessly!
You are too injured to fight recklessly!
You are too injured to fight recklessly!
You are too injured to fight recklessly!
You are too injured to fight recklessly!
You are too injured to fight recklessly!
You are too injured to fight recklessly!
You are too injured to fight recklessly!
You are too injured to fight recklessly!
You are too injured to fight recklessly!
You are too injured to fight recklessly!
You are too injured to fight recklessly!
You are too injured to fight recklessly!
You are too injured to fight recklessly!
You are too injured to fight recklessly!
You are too injured to fight recklessly!
You barely miss the guardian serpent.
The guardian serpent is almost dead.
You slash the naga sharpshooter! You slash the nagaraja!
The nagaraja hits you but does no damage.
The nagaraja grabs you. The nagaraja constricts you.
Your orange demon stings the nagaraja!
Your orange demon hits the nagaraja.
The guardian serpent hits you but does no damage.
The nagaraja hits your orange demon with a +0 spear.
The nagaraja constricts you.
The naga sharpshooter gestures wildly while chanting.
The naga sharpshooter magically shoots an arrow.
The arrow hits you but does no damage.
Your magical essence is drained by the effort!
You feel much better.
The nagaraja is no longer moving quickly.
The guardian serpent closely misses you.
The nagaraja spits poison at you. The splash of poison hits you. You resist.
The nagaraja constricts you.
Your orange demon stings the nagaraja.
Your orange demon completely misses the nagaraja.
The naga sharpshooter spits poison at you.
The splash of poison hits you but does no damage.
You resist.
You don't have enough innate magic capacity.
You don't have enough innate magic capacity.
You don't have enough innate magic capacity.
You don't have enough innate magic capacity.
You don't have enough innate magic capacity.
You don't have enough innate magic capacity.
You don't have enough innate magic capacity.
You slice the nagaraja like a ripe choko!!!
The nagaraja is severely wounded.
You hit the guardian serpent but do no damage.
You closely miss the naga sharpshooter. The guardian serpent hits you.
The nagaraja spits poison at you. The splash of poison misses you.
The nagaraja constricts you.
Your orange demon stings the nagaraja but does no damage.
Your orange demon hits the nagaraja but does no damage.
The guardian serpent hits you.
The naga sharpshooter shoots an arrow.
The arrow hits you!
You closely miss the nagaraja.
The nagaraja is severely wounded.
You completely miss the guardian serpent.
You slash the naga sharpshooter! The guardian serpent hits you!
The nagaraja misses you. The nagaraja constricts you.
Your orange demon closely misses the nagaraja.
Your orange demon misses the nagaraja.
You are too injured to fight recklessly!
You are too injured to fight recklessly!
You are too injured to fight recklessly!
You slice the nagaraja!!
You kill the nagaraja!
Makhleb accepts your kill.
You hit the naga sharpshooter. You slash the guardian serpent!
You kill the guardian serpent!
Makhleb accepts your kill.
You feel better.
The naga sharpshooter spits poison at you.
The splash of poison hits you but does no damage.
You are more poisoned.
You resist.
Things that are here:
a +0 spear; a +0 robe of magic resistance Why would you want to do that?
Why would you want to do that? Why would you want to do that?
Why would you want to do that? Why would you want to do that?
Why would you want to do that? Why would you want to do that?
Why would you want to do that? Why would you want to do that?
Why would you want to do that? Why would you want to do that?
Are you sure you want to abandon this character and quit the game? (Confirm with "yes".)

.........#)####..######.#####.##.
..........[()..............).....
....)....#..####.######.####..<..
.............###########.##..##..
....).....(.).###..((..##.....###
...........#..##........##.##....
.##..#.#...####(..≈.§§...########
.#..##.##...##.(§§§≈≈≈≈...#### #
##.###.###..#.)4@§§≈≈≈≈....#.####
...###.########N#≈≈≈§§§#'####....
.####......#..))).§≈§≈......#####
.##........#.....§§§§.......#....
...........#.....§.§≈§......####.
####†......#......≈§§§......# ##
# #.......#....≈≈≈§§≈≈.§...# #
#......##..§≈≈§≈≈≈§≈§§§..##
#(....##..§≈≈≈§≈§≈§≈§§§...##


You could see a naga sharpshooter and a friendly orange demon.

Vanquished Creatures
  Rupert (D:12)
  4 nagarajas (Snake:4)
  A frost giant (D:15)
  Snorg (D:13)
  5 naga warriors (Snake:4)
  A vault guard (D:13)
  4 hydras
  2 centaur warriors (D:15)
  4 two-headed ogres
  A shock serpent (Snake:4)
  5 naga sharpshooters (Snake:4)
  3 salamander mystics (Snake:4)
  2 sea snakes (Snake:4)
  4 unseen horrors
  A phantasmal warrior (D:13)
  3 lindwurms (Snake:4)
  4 naga ritualists (Snake:4)
  2 deep elf magi
  3 mana vipers
  3 manticores
  10 ugly things
  3 elephants (Lair:2)
  2 salamanders
  10 black mambas
  A merfolk siren (Lair:3)
  A gargoyle (D:13)
  2 guardian serpents (Snake:4)
  13 naga magi
  6 spiny frogs
  A centaur skeleton (D:15)
  6 komodo dragons (Lair:3)
  2 kobold demonologists
  A yaktaur (D:15)
  2 polar bears (Lair:2)
  A queen bee (D:9)
  3 meliai (D:13)
  A troll (D:13)
  6 hippogriffs
  4 blink frogs (Lair:3)
  A spriggan (D:8)
  A vampire (D:11)
  44 yaks
  A shadow (D:12)
  A wraith (D:10)
  3 humans (D:7)
  A basilisk (D:14)
  A wyvern (D:11)
  3 hungry ghosts
  A basilisk (shapeshifter) (D:13)
  5 vampire mosquitoes
  A steam dragon (D:14)
  16 nagas
  5 porcupines
  7 orc warriors
  6 ice beasts
  5 water moccasins
  A phantom (D:8)
  7 black bears
  8 centaurs
  3 wolves (Lair:3)
  7 ogres
  5 crocodiles
  A big kobold (D:12)
  8 gnoll sergeants (Bailey)
  13 bullfrogs
  2 wyvern skeletons
  3 scorpions
  28 killer bees
  4 howler monkeys (D:9)
  9 wights
  An electric eel (Lair:2)
  5 crimson imps
  3 bullfrog zombies
  2 centaur zombies
  A quasit (D:9)
  A jelly (D:7)
  6 gnoll shamans (Bailey)
  10 hounds
  6 orc priests
  2 iguanas (D:11)
  A bullfrog skeleton (D:10)
  4 orc wizards
  5 worker ants
  A hound zombie (D:7)
  A hound skeleton (D:6)
  A worker ant zombie (D:11)
  20 gnolls
  13 adders
  4 shadow imps
  4 worms
  44 orcs
  2 bats
  3 giant cockroaches
  8 goblins
  3 hobgoblins
  6 jackals
  4 quokkas
  2 ball pythons
  2 frilled lizards
  7 kobolds
  3 rats
  A spectral orc (D:7)
  7 fungi
  7 plants
520 creatures vanquished.

Vanquished Creatures (collateral kills)
  3 nagarajas (Snake:4)
  A naga warrior (Snake:4)
  A naga sharpshooter (Snake:4)
  2 salamander mystics (Snake:4)
  A lindwurm (Snake:4)
  A centaur zombie (D:13)
  A yak (D:13)
  2 nagas (Snake:4)
  A centaur (D:12)
13 creatures vanquished.

Vanquished Creatures (others)
  A naga mage (Snake:4)
  3 kobolds (D:12)
  5 fungi (D:11)
  2 plants (D:11)
11 creatures vanquished.

Grand Total: 544 creatures vanquished

Notes
Turn   | Place    | Note
-------+----------+-------------------------------------------
     0 | D:1      | EnegeticOcto the Deep Dwarf Fighter began the quest for the
                  | Orb.
     0 | D:1      | Reached XP level 1. HP: 20/20 MP: 1/1
    10 | D:1      | You fall into a shaft and drop 1 floor!
    67 | D:2      | Found a sparkling altar of Nemelex Xobeh.
    71 | D:2      | Reached XP level 2. HP: 21/27 MP: 2/2
   312 | D:2      | Found an iron altar of Okawaru.
   377 | D:3      | Reached XP level 3. HP: 17/34 MP: 3/3
   429 | D:4      | Reached skill level 3 in Axes
   429 | D:4      | Reached skill level 1 in Dodging
   454 | D:4      | Reached XP level 4. HP: 42/42 MP: 3/3
   506 | D:4      | Noticed a bullfrog
   515 | D:4      | Killed a bullfrog
   515 | D:4      | Reached XP level 5. HP: 34/49 MP: 4/4
   608 | D:4      | Found a burning altar of Makhleb.
   654 | D:4      | Became a worshipper of Makhleb the Destroyer
   706 | D:4      | Found a radiant altar of Vehumet.
  1101 | D:5      | Entered Level 5 of the Dungeon
  1184 | D:5      | Found a glowing golden altar of the Shining One.
  1305 | D:5      | Found an ancient bone altar of Kikubaaqudgha.
  1312 | D:5      | Reached skill level 4 in Axes
  1312 | D:5      | Reached skill level 1 in Invocations
  1312 | D:5      | Reached XP level 6. HP: 31/57 MP: 5/5
  1327 | D:5      | Found a runed translucent gate.
  1327 | D:5      | Found a runed translucent gate.
  1327 | D:5      | Found a runed translucent gate.
  1334 | D:5      | Noticed Protee's ghost (amateur TeAE)
  1334 | D:5      | Noticed sixsigma's ghost (novice GnWz)
  1514 | D:5      | Found a white marble altar of Elyvilon.
  1720 | D:6      | Found an opulent altar of Gozag.
  1837 | D:6      | Found a staircase to the Ecumenical Temple.
  1862 | D:6      | Reached XP level 7. HP: 58/66 MP: 8/8
  1919 | D:6      | Reached skill level 5 in Axes
  1969 | D:6      | Reached * piety under Makhleb
  2437 | D:6      | Reached skill level 5 in Fighting
  2437 | D:6      | Reached XP level 8. HP: 51/74 MP: 10/10
  2652 | D:7      | Reached skill level 5 in Armour
  2652 | D:7      | Reached skill level 5 in Shields
  2799 | D:7      | Reached skill level 5 in Invocations
  2826 | D:7      | Found a basalt altar of Yredelemnul.
  2848 | D:7      | Reached skill level 6 in Axes
  2954 | D:7      | Gained mutation: You passively map the area around you.
                  | [Deep Dwarf growth]
  2954 | D:7      | Reached XP level 9. HP: 43/82 MP: 10/10
  3404 | D:7      | Reached skill level 7 in Axes
  3473 | D:7      | Reached ** piety under Makhleb
  4231 | D:8      | Found Jeduss's Magic Scroll Shoppe.
  4237 | D:8      | Noticed a two-headed ogre
  4248 | D:8      | Killed a two-headed ogre
  4248 | D:8      | Reached skill level 5 in Dodging
  4254 | D:8      | Bought a scroll of enchant weapon for 75 gold pieces
  4271 | D:8      | Found Qeviodd's Distillery.
  4301 | D:8      | Bought a potion of mutation for 96 gold pieces
  4392 | D:8      | Bought a potion of haste for 120 gold pieces
  4480 | D:9      | Found a staircase to the Orcish Mines.
  4508 | D:9      | Reached XP level 10. HP: 86/94 MP: 12/12
  4528 | D:9      | Noticed a two-headed ogre
  4532 | D:9      | Reached skill level 8 in Axes
  4546 | D:9      | Killed a two-headed ogre
  4573 | D:9      | Found a blossoming altar of Fedhas.
  4591 | D:9      | Found a transporter.
  4594 | D:9      | Noticed a manticore
  4595 | D:9      | Noticed a skeletal warrior
  4596 | D:9      | Noticed a deep elf archer
  4608 | D:9      | Found a hide-covered altar of Uskayaw.
  4657 | D:9      | Found a transporter.
  4861 | D:9      | Reached *** piety under Makhleb
  5010 | D:9      | Found an ancient bone altar of Kikubaaqudgha.
  5157 | D:9      | Noticed an eight-headed hydra
  5208 | D:9      | Reached skill level 12 in Axes
  5208 | D:9      | Reached XP level 11. HP: 53/102 MP: 14/14
  5219 | D:10     | Entered Level 10 of the Dungeon
  5378 | D:10     | Found a flagged portal.
  5410 | Bailey   | Entered a bailey
  5620 | Bailey   | Reached **** piety under Makhleb
  6087 | D:10     | Reached skill level 13 in Axes
  6092 | D:10     | Found a roughly hewn altar of Beogh.
  6106 | D:10     | Reached skill level 10 in Invocations
  6180 | D:10     | Reached XP level 12. HP: 100/110 MP: 15/15
  6483 | D:10     | Found Wotiotie's Gadget Shoppe.
  6975 | D:11     | Found a staircase to the Lair.
  7005 | D:11     | Reached ***** piety under Makhleb
  7433 | D:11     | Found Egest's Food Emporium.
  7788 | Lair:1   | Entered Level 1 of the Lair of Beasts
  7918 | Lair:2   | Noticed a six-headed hydra
  7937 | Lair:2   | Killed a one-headed hydra
  8101 | Lair:2   | Noticed Sonja
  8105 | Lair:2   | Noticed Sonja
  8105 | Lair:2   | Sonja changed into Sonja the yak
  8109 | Lair:2   | Killed Sonja the yak
  8210 | Lair:2   | Noticed an eight-headed hydra
  8215 | Lair:2   | Killed a four-headed hydra
  8215 | Lair:2   | Reached XP level 13. HP: 100/121 MP: 17/17
  8573 | Lair:2   | Reached skill level 14 in Axes
  8848 | Lair:3   | Reached skill level 10 in Fighting
  8849 | Lair:3   | Reached ****** piety under Makhleb
  8873 | Lair:3   | Found a staircase to the Shoals.
  8932 | Lair:3   | Found a hazy altar of Hepliaklqana.
  9086 | Lair:3   | Found a staircase to the Snake Pit.
  9310 | D:8      | Bought a scroll of brand weapon for 200 gold pieces
  9871 | D:12     | Noticed Rupert
  9906 | D:12     | Killed Rupert
 10070 | D:13     | Noticed Snorg
 10076 | D:13     | Killed Snorg
 10382 | D:13     | Found a gate to the Vaults.
 10412 | D:13     | Gained mutation: You resist negative energy. (rN+) [Deep
                  | Dwarf growth]
 10412 | D:13     | Reached XP level 14. HP: 133/133 MP: 16/18
 10536 | D:15     | Entered Level 15 of the Dungeon
 10598 | D:15     | Reached skill level 15 in Axes
 10800 | D:15     | Found a staircase to the Depths.
 10800 | D:15     | Noticed a frost giant
 10822 | D:15     | Killed a frost giant
 11114 | Snake:1  | Entered Level 1 of the Snake Pit
 11285 | Snake:4  | Entered Level 4 of the Snake Pit
 11724 | Snake:4  | Reached skill level 10 in Armour
 11749 | Snake:4  | Noticed a nagaraja
 11764 | Snake:4  | Killed a nagaraja
 11782 | Snake:4  | Reached XP level 15. HP: 117/144 MP: 16/16
 11803 | Snake:4  | Noticed a nagaraja
 11804 | Snake:4  | Noticed a nagaraja
 11839 | Snake:4  | Killed a nagaraja
 11841 | Snake:4  | Reached skill level 15 in Invocations
 11852 | Snake:4  | Reached skill level 16 in Axes
 11860 | Snake:4  | Killed a nagaraja
 11873 | Snake:4  | Noticed a nagaraja
 11885 | Snake:4  | Killed a nagaraja
 11903 | Snake:4  | Noticed a nagaraja
 11912 | Snake:4  | Killed a nagaraja
 11988 | Snake:4  | Noticed a nagaraja
 12009 | Snake:4  | Noticed a nagaraja
 12014 | Snake:4  | HP: 5/144 [nagaraja/+0 spear (11)]
 12025 | Snake:4  | Killed a nagaraja
 12027 | Snake:4  | Reached skill level 10 in Dodging
 12039 | Snake:4  | Killed a nagaraja
 12041 | Snake:4  | Quit the game

Levels and vault maps discovered:
D:1:      elethiomel_arrival_quiet, layout_basic
D:2:      minmay_wonky_spiral, layout_loops_ring, overflow_temple_1_default,
          old_standard_altar, overflow_temple_1_default, first_ration,
          chequers_ecumenical_altar_simple, kennysheep_doodads,
          minmay_misc_feat_room, minmay_between, uniq_jessica
D:3:      layout_rooms, overflow_temple_1_default, uniq_natasha, uniq_grinder
D:4:      layout_cave_pools, kennysheep_mini_moat,
          nicolae_overflow_crystal_walls, serial_forest,
          infiniplex_forest_straight_3, infiniplex_forest_lined_2,
          infiniplex_forest_diagonal, infiniplex_forest_lined_2,
          infiniplex_forest_end_3
D:5:      layout_cave_pools, overflow_temple_1_default, lemuel_doored_altar,
          lemuel_coloured_pillars_altar, gammafunk_ghost_cemetery
D:6:      layout_loops_ring, overflow_temple_1_default,
          minmay_temple_entry_waves, serial_co_window_serial, co_window_paths_a,
          co_window_corner_a, co_window_paths_a, co_window_of_opportunity_a,
          co_window_paths_a, co_window_broadway_c, co_window_corner_cb,
          co_window_2corner, co_window_cross_3, co_window_2corner,
          glass_columns_b, glass_columns_a
D:7:      layout_loops_corners, yredelemnul_forgotten_temple_becter,
          serial_co_window_serial, co_window_of_opportunity_a,
          co_window_of_opportunity_a, co_window_corner_a, co_window_paths_b,
          co_window_of_opportunity_a, co_window_cross_3, co_window_broadway_c,
          co_window_unsneaky_path_a, co_window_broadway_b, co_window_corner_ca,
          co_window_corner_b, glass_columns_b, glass_columns_a, minmay_ruffians
D:8:      layout_basic, serial_shops,
          nicolae_shop_temple_entry_statues_fountains, nicolae_shop_stone,
          the_bakery
D:9:      layout_rooms, fedhas_altar_3, gammafunk_temple_overflow_arena,
          basic_altar, special_room [special_room_bee], minivault_25,
          hangedman_abyss_or_decor_stagger
D:10:     layout_basic, special_room [special_room_orc],
          lightli_bailey_entry_fortress, serial_shops,
          nicolae_shop_temple_entry_statues_fountains
D:11:     layout_basic, due_lair_maze_entry_diamond, serial_shops, shop,
          chequers_jeans
D:12:     layout_irregular_city, uniq_rupert
D:13:     layout_roguey, david_vaults_4, serial_shops, nicolae_shop_crystal,
          uniq_snorg
D:14:     layout_roguey, portal_ice_cave_entry_animals_and_master,
          minmay_misc_feat_chi, drop_trap, pond
D:15:     grunt_enter_depths_snipers, layout_irregular_city, drop_trap
Lair:1:   layout_regular_city, grunt_forest_large_clearings
Lair:2:   layout_misc_corridors, gammafunk_lair_bear_cave, uniq_sonja
Lair:3:   layout_misc_corridors, minmay_shoals_entry_lonely_mermaid,
          guppyfry_snake_entry_island, basic_altar, special_room,
          beast_lair_carwin_5, grunt_megastairs_3
Lair:4:   layout_regular_city
Snake:1:  layout_basic, statue_in_the_mist_lemuel, nicolae_alphabet_shops
Snake:2:  layout_chambers
Snake:3:  layout_grid_shapes, uniq_louise
Snake:4:  snake_pit_salamanders_mu, layout_rooms, minmay_snake_pond

Skill      XL: |  1  2  3  4  5  6  7  8  9 10 11 12 13 14 15 |
---------------+----------------------------------------------+-----
Fighting       | 3 4 5 7 8 9 10 11 12 | 12.1
Axes           | 3 4 5 6 7 12 13 14 15 16 | 16.3
Dodging        | 1 2 3 4 5 6 7 8 9 10 | 10.0
Shields        | 4 5 6 7 8 9 |  9.0
Armour         | 4 5 6 7 8 9 10 | 10.5
Invocations    | 1 3 4 6 8 9 10 11 13 14 15 | 15.5

Action                   |  1- 3 |  4- 6 |  7- 9 | 10-12 | 13-15 || total
-------------------------+-------+-------+-------+-------+-------++-------
Melee: War axe           |    84 |   172 |   392 |   946 |   204 ||  1798
       Battleaxe         |       |       |       |       |   407 ||   407
       Broad axe         |       |       |       |       |    26 ||    26
Invok: Lesser Servant of |       |       |       |       |    14 ||    14
       Greater Servant o |       |       |       |       |     2 ||     2
 Abil: Heal Wounds       |     2 |     5 |    18 |     1 |    72 ||    98
Evoke: Wand              |       |       |     1 |     1 |       ||     2
  Use: Scroll            |       |       |    15 |     6 |    12 ||    33
       Potion            |       |       |       |     1 |     1 ||     2
 Stab: Distracted        |       |       |       |       |     2 ||     2
  Eat: Ration            |       |     1 |     2 |     2 |     3 ||     8
       Chunk             |       |       |     8 |    11 |     6 ||    25
Armor: Scale mail        |    48 |   105 |   122 |       |       ||   275
       Plate armour      |       |       |    40 |   631 |   526 ||  1197
Dodge: Dodged            |    27 |    76 |   140 |   336 |   393 ||   972
Block: Kite shield       |    36 |   114 |   231 |   705 |   158 ||  1244

Table legend:
 A = Non-vault XP
 B = Vault XP
 C = Vault XP percentage of total XP
 D = Non-vault monster count
 E = Vault monster count
 F = Vault count percentage of total count
                 A         B        C        D         E       F
            +---------+---------+-------+---------+---------+-------
      Total |   62533 |   52890 |  45.8 |     331 |     189 |  36.3
            +---------+---------+-------+---------+---------+-------
        D:1 |       9 |       0 |   0.0 |       6 |       0 |   0.0
        D:2 |      31 |       0 |   0.0 |       8 |       0 |   0.0
        D:3 |      15 |       0 |   0.0 |       7 |       0 |   0.0
        D:4 |     245 |       0 |   0.0 |      11 |       0 |   0.0
        D:5 |     102 |       0 |   0.0 |       7 |       0 |   0.0
        D:6 |    1124 |       0 |   0.0 |      27 |       0 |   0.0
        D:7 |    1818 |     591 |  24.5 |      37 |       4 |   9.8
        D:8 |    1322 |     220 |  14.3 |       7 |       1 |  12.5
        D:9 |    2022 |    1789 |  46.9 |      14 |      25 |  64.1
       D:10 |    2201 |     811 |  26.9 |      27 |      36 |  57.1
       D:11 |    4401 |    1995 |  31.2 |      26 |      11 |  29.7
       D:12 |    2430 |    2664 |  52.3 |      12 |       1 |   7.7
       D:13 |    3431 |    3802 |  52.6 |      16 |       5 |  23.8
       D:14 |    1808 |       0 |   0.0 |       8 |       0 |   0.0
       D:15 |    8865 |    2920 |  24.8 |      19 |       3 |  13.6
     Lair:1 |    1862 |       0 |   0.0 |      11 |       0 |   0.0
     Lair:2 |    7688 |     989 |  11.4 |      24 |       5 |  17.2
     Lair:3 |    7006 |    6230 |  47.1 |      28 |      21 |  42.9
    Snake:1 |    1532 |       0 |   0.0 |       4 |       0 |   0.0
    Snake:2 |     511 |       0 |   0.0 |       1 |       0 |   0.0
    Snake:3 |    2246 |       0 |   0.0 |       5 |       0 |   0.0
    Snake:4 |   11864 |   29643 |  71.4 |      26 |      47 |  64.4
     Bailey |       0 |    1236 | 100.0 |       0 |      30 | 100.0
            +---------+---------+-------+---------+---------+-------
